 Dungeon Crawl Stone Soup version 0.19-a0-965-g50bf062 (webtiles) character file.

460504 HAL9000 the Fencer (level 23, -2/211 HPs)
             Began as a Minotaur Fighter on July 12, 2016.
             Was the Champion of Okawaru.
             Slain by a phantasmal warrior (14 damage)
             ... on level 5 of the Vaults.
             The game lasted 02:35:07 (47964 turns).

HAL9000 the Fencer (Minotaur Fighter)              Turns: 47964, Time: 02:35:07

Health: -2/211     AC: 42    Str: 32    XL:     23   Next: 35%
Magic:  0/31       EV: 19    Int:  7    God:    Okawaru [******]
Gold:   4914       SH: 19    Dex: 16    Spells: 2 memorised, 11 levels left

rFire  + . .     SeeInvis +     I - +4 double sword (freeze) {god gift}
rCold  + . .     Gourm    .     e - +6 crystal plate armour "Ziept" {god gift, Stlth+}
rNeg   + . .     Faith    .     h - +2 shield {reflect} {god gift}
rPois  .         Spirit   +     C - +2 hat
rElec  +         Dismiss  .     S - -2 cloak "Elaenlaaj" {god gift, rN+ rCorr Slay+2}
rCorr  +         Reflect  +     N - +0 pair of gloves
SustAt +         Harm     .     T - +2 pair of boots {Fly}
MR     +....                    U - amulet of guardian spirit
Stlth  ..........               y - ring of Nucariott {SustAt rElec rF+ rC+ Int+2 Stlth-}
                                d - ring of the Ban {Str+7 SInv Stlth+}

@: marked, flying, very slightly contaminated, somewhat resistant to hostile
enchantments, extremely unstealthy
A: retaliatory headbutt, horns 2, molten scales 1, yellow scales 1
a: Heroism, Finesse, Renounce Religion, Stop Flying
}: 2/15 runes: decaying, gossamer


You were on level 5 of the Vaults.
You worshipped Okawaru.
Okawaru was exalted by your worship.
You were very hungry.

You visited 7 branches of the dungeon, and saw 41 of its levels.
You visited the Abyss 1 time.
You also visited: Labyrinth.

You collected 5211 gold pieces.
You spent 297 gold pieces at shops.

Inventory:

Hand Weapons
 D - a +0 demon blade of venom
 I - a +4 double sword of freezing (weapon) {god gift}
Missiles
 v - 11 poisoned javelins {god gift}
 x - 3 throwing nets
 Y - 7 javelins of penetration {god gift}
 Z - 23 javelins of returning (quivered) {god gift}
Armour
 a - the +0 cloak of the Big Bang {god gift, rPois rCorr Dex+6 Stlth+}
   (Okawaru gifted it to you on level 15 of the Dungeon)

   It affects your dexterity (+6).
   It protects you from poison.
   It protects you from acid and corrosion.
   It makes you more stealthy.
 e - the +6 crystal plate armour "Ziept" (worn) {god gift, Stlth+}
   (Okawaru gifted it to you on level 4 of the Depths)

   It makes you more stealthy.
 h - a +2 shield of reflection (worn) {god gift}
 C - a +2 hat (worn)
 N - a +0 pair of gloves (worn)
 S - the -2 cloak "Elaenlaaj" (worn) {god gift, rN+ rCorr Slay+2}
   (Okawaru gifted it to you on level 2 of the Depths)

   It affects your accuracy and damage with ranged weapons and melee attacks
   (+2).
   It protects you from negative energy.
   It protects you from acid and corrosion.
 T - a +2 pair of boots of flying (worn)
Jewellery
 d - the ring of the Ban (left hand) {Str+7 SInv Stlth+}
   (You found it on level 3 of the Depths)

   [ring of see invisible]

   It affects your strength (+7).
   It lets you see invisible.
   It makes you more stealthy.
 y - the ring of Nucariott (right hand) {SustAt rElec rF+ rC+ Int+2 Stlth-}
   (You found it in a labyrinth)

   [ring of sustain attributes]

   It sustains your strength, intelligence and dexterity.
   It affects your intelligence (+2).
   It protects you from fire.
   It protects you from cold.
   It insulates you from electricity.
   It makes you less stealthy.
 U - an amulet of guardian spirit (around neck)
Wands
 g - a wand of digging (5/24)
 u - a wand of teleportation (3/9)
Scrolls
 i - 3 scrolls of summoning
 p - 15 scrolls of remove curse
 B - 3 scrolls of fear
 E - 11 scrolls of teleportation
 F - 8 scrolls of amnesia
 G - 11 scrolls of fog
 J - 8 scrolls of magic mapping
 R - a scroll of recharging
 V - a scroll of silence
 W - 3 scrolls of holy word
 X - 6 scrolls of identify
Potions
 f - 2 potions of cancellation
 j - 8 potions of ambrosia
 k - 2 potions of invisibility
 r - 6 potions of haste
 w - a potion of berserk rage
 z - 2 potions of might
 A - a potion of resistance
 H - a potion of brilliance
 L - 2 potions of curing
 M - 6 potions of agility
 P - 2 potions of magic
Miscellaneous
 b - a phantom mirror
 o - a disc of storms
 q - a lamp of fire
 s - a phial of floods
Comestibles
 l - 12 beef jerkies
 K - 3 meat rations
 O - 22 bread rations
 Q - 11 fruits


   Skills:
 + Level 18.9 Fighting
 + Level 20.7 Long Blades
 + Level 12.7 Throwing
 + Level 18.9 Armour
 + Level 19.4 Dodging
 + Level 19.9 Shields
 - Level 10.0 Invocations
 + Level 13.0 Evocations


You had 11 spell levels left.
You knew the following spells:

 Your Spells              Type           Power        Failure   Level  Hunger
a - Silence               Hex/Air        #.........   100%        5    ######.
H - Haste                 Chrm           #.......     100%        6    #######


Dungeon Overview and Level Annotations

Branches:
Dungeon (15/15)            Temple (0/1) D:6            Lair (6/6) D:10
  Swamp (4/4) Lair:3       Spider (4/4) Lair:2        Slime (0/5) Lair:6
    Orc (2/2) D:11            Elf (0/3) Orc:2        Vaults (5/5) D:14
  Crypt (0/3) Vaults:2     Depths (5/5) D:15            Zot (0/5) Depths:5

Altars:
Ashenzari
Elyvilon
Gozag
Hepliaklqana
Okawaru
Pakellas
Trog
Yredelemnul
Zin
The Shining One
Beogh

Shops:
D:5 [   D:6 !   D:7 =(   D:11 ([!   Orc:2 *[:(   Vaults:5 %   Depths:3 ?
Depths:5 ?

Portals:
Hell: Depths:1 Depths:2 Depths:3 Depths:4 Depths:5
Abyss: Depths:4 Depths:5
Pandemonium: Depths:1 Depths:3
Ziggurat: Depths:3

Annotations:
Vaults:5 matakusis's ghost, adept DsGl


Innate Abilities, Weirdness & Mutations

You reflexively headbutt those who attack you in melee.
You have a pair of horns on your head.
You are partially covered in molten scales. (AC +1)
You are partially covered in yellow scales. (AC +2)


Message History

The phantasmal warrior is lightly damaged.
You slash the green very ugly thing! You freeze the green very ugly thing.
You headbutt the green very ugly thing.
The green very ugly thing is lightly wounded.
The green very ugly thing tail-slaps you but does no damage.
You block the phantasmal warrior's attack.
Unknown command.
You slice the green very ugly thing like a ripe choko!!!
You freeze the green very ugly thing.
The green very ugly thing is severely wounded.
You block the tengu reaver's attack.
The tengu reaver pecks you but does no damage.
The tengu reaver claws you but does no damage.
You block the green very ugly thing's attack.
A spiny frog comes into view.
You hit the green very ugly thing. You freeze the green very ugly thing.
You headbutt the green very ugly thing!
The green very ugly thing is almost dead.
The spiny frog changes into a meliai!
The phantasmal warrior hits you!!
You die...

##########
.......u@#
......*QW#
#####....#
#.p...#
..p.#..#
##..##..#
##y #..#
#. #..#


You could see a green very ugly thing, a tengu reaver, a death knight, a vault
sentinel, a phantasmal warrior, a meliai shaped shifter and a battlesphere.

Vanquished Creatures
  Margery (Depths:3)
  the Lernaean hydra (Swamp:4)
  Saint Roka (Depths:3)
  A caustic shrike (Depths:3)
  Arachne (Spider:3)
  A bone dragon (Depths:5)
  2 golden dragons (Depths:3)
  6 liches
  The ghost of tstbtto the Slayer, an adept MiFi of Okawaru (Vaults:2)
  2 tentacled monstrosities
  Jorgrun (Vaults:1)
  A titan (Depths:3)
  The ghost of tstbtto the Warrior, an adept MiFi of Cheibriados (Spider:4)
  An acid blob (shapeshifter) (Depths:5)
  A tentacled starspawn (Abyss:3)
  Gastronok (Lair:2)
  4 sphinxes
  4 storm dragons
  Kirke (D:13)
  2 shadow dragons
  7 tengu reavers
  2 deep elf sorcerers (Vaults:2)
  4 frost giants
  8 fire giants
  Wiglaf (Spider:2)
  3 ghost moths (Spider:4)
  An iron dragon (Depths:4)
  The ghost of George the Fencer, a journeyman MiFi of Okawaru (D:15)
  5 emperor scorpions
  A draconian zealot (Depths:5)
  A draconian knight (Depths:5)
  2 deep elf elementalists (Depths:5)
  10 vault wardens
  16 ironheart preservers
  An orc warlord (Orc:2)
  3 spriggan defenders
  24 very ugly things
  4 entropy weavers
  19 stone giants
  A war gargoyle (Vaults:1)
  5 vampire knights
  A green draconian (Depths:5)
  Azrael (Spider:2)
  A deep elf demonologist (Vaults:2)
  A black draconian (Depths:5)
  A yellow draconian (Depths:5)
  A purple draconian (Depths:5)
  2 deep elf annihilators
  A white draconian (Depths:5)
  A red draconian (Depths:5)
  9 spark wasps
  11 ettins
  The ghost of Dominolapin the Blocker, a journeyman DsFi of Makhleb (D:10)
  A minotaur (Lab)
  3 deep elf death magi
  A deep elf high priest (Depths:3)
  The ghost of tstbtto the Carver, a journeyman MiFi of Cheibriados (D:11)
  Harold (D:10)
  The ghost of tstbtto the Carver, a journeyman MiFi of Okawaru (D:11)
  8 ogre magi
  9 yaktaur captains
  19 fire dragons
  10 great orbs of eyes
  Josephine (D:15)
  11 ice dragons
  15 hydras
  5 rakshasas
  20 vault guards
  11 centaur warriors
  Erica (D:10)
  A death knight (Vaults:4)
  A ghost crab (Swamp:1)
  7 spriggan air magi
  A dancing weapon (Vaults:4)
  A merfolk aquamancer (Depths:3)
  3 vampire magi
  A death yak (shapeshifter) (Depths:2)
  12 death yaks (Lair:6)
  10 tengu warriors
  10 alligators
  13 deep troll earth magi
  A hell hog (Depths:1)
  6 deep troll shamans
  The ghost of MordorOrchid the Thaumaturge, a journeyman OpCj of Vehumet (D:11)
  Urug (Lair:5)
  4 orc high priests (Orc:2)
  3 spriggan berserkers (Depths:5)
  A naga sharpshooter (Depths:3)
  5 thrashing horrors (Abyss:3)
  8 deep elf knights
  2 wretched stars (Abyss:3)
  A spark wasp zombie (D:15)
  7 skeletal warriors
  3 iron trolls
  12 hell knights
  A flayed ghost (Depths:5)
  A death drake (Abyss:3)
  An unseen horror (shapeshifter) (Vaults:1)
  The ghost of Jalan the Nimble, a novice SpWr of Sif Muna (Lab)
  3 unseen horrors
  5 giant orange brains
  4 wizards
  7 swamp dragons (Swamp:4)
  6 deep elf archers
  The ghost of tstbtto the Carver, a novice MiFi of Okawaru (D:7)
  An anubis guard (shapeshifter) (Vaults:5)
  36 deep trolls
  4 hill giants
  2 tengu zombies
  18 orb spiders
  6 ironbrand convokers
  15 orc knights
  3 phantasmal warriors
  39 ugly things
  4 necromancers
  A golden dragon skeleton (Abyss:2)
  13 orc sorcerers
  3 shambling mangroves
  2 oklob plants
  4 griffons
  32 wolf spiders
  An iron dragon skeleton (D:15)
  6 hornets
  A salamander (Abyss:2)
  5 cyclopes
  4 elephants (Lair:6)
  3 manticores
  A black mamba (shapeshifter) (Depths:4)
  2 guardian serpents (Depths:3)
  A sixfirhy (Abyss:2)
  16 deep elf magi
  A guardian serpent (shapeshifter) (Vaults:2)
  5 moths of wrath
  A moth of wrath (shapeshifter) (Depths:1)
  An apocalypse crab (Abyss:3)
  2 black mambas
  2 human skeletons (Vaults:3)
  8 vault sentinels
  Joseph (D:10)
  7 torpor snails
  A spiny frog (shapeshifter) (Depths:3)
  19 spiny frogs
  4 centaur skeletons
  5 orange demons
  3 gargoyles
  2 rime drakes
  4 freezing wraiths
  8 komodo dragons
  20 demonic crawlers
  38 yaktaurs
  2 polar bears
  3 ancient zymes (Abyss:3)
  2 queen bees (shapeshifter)
  5 trolls
  The ghost of HAL9000 the Covered, an amateur MiFi of Okawaru (D:4)
  6 tengu conjurers
  A merfolk (Depths:3)
  A meliai (shapeshifter) (Vaults:4)
  16 giant leeches
  31 jumping spiders
  14 two-headed ogres
  16 blink frogs
  An ice dragon zombie (D:15)
  Prince Ribbit (D:8)
  38 slime creatures
  4 bog bodies
  10 boulder beetles
  A stone giant simulacrum (Vaults:1)
  2 large abominations (Abyss:3)
  4 vampires
  Sigmund (D:6)
  14 air elementals
  5 water elementals
  83 redbacks
  2 shadows
  7 spriggans
  A centaur simulacrum (D:14)
  43 tarantellas
  A wyvern (Lair:6)
  35 yaks
  A neqoxec (Abyss:3)
  A fire bat (shapeshifter) (Depths:5)
  4 fire elementals (Spider:2)
  3 hogs (D:13)
  A human (shapeshifter) (D:13)
  5 wraiths
  A hippogriff (shapeshifter) (Depths:1)
  6 hungry ghosts
  6 fire bats (Depths:1)
  5 steam dragons
  12 basilisks
  A chaos spawn (Abyss:2)
  6 hippogriffs
  3 golden eyes (Abyss:2)
  22 vampire mosquitoes
  4 mottled dragons
  A small abomination (Abyss:3)
  14 wargs
  10 swamp worms
  5 insubstantial wisps (Swamp:4)
  A giant eyeball (shapeshifter) (Depths:5)
  32 water moccasins
  4 porcupines
  3 sky beasts
  2 giant eyeballs (Depths:3)
  11 hell hounds
  22 wasps
  16 ice beasts
  51 orc warriors
  A black bear (shapeshifter) (Depths:2)
  An eye of draining (D:11)
  3 phantoms
  14 swamp drakes
  A black bear (D:6)
  3 boggarts
  2 eyes of draining (shapeshifter)
  17 wolves
  19 centaurs
  31 ogres
  16 crocodiles
  3 big kobolds
  16 giant frogs
  A wyvern skeleton (D:12)
  10 scorpions
  10 killer bees
  4 wights (D:6)
  An electric eel (Spider:4)
  2 howler monkeys
  8 crimson imps
  A yaktaur simulacrum (Vaults:1)
  A giant frog zombie (D:12)
  5 hounds
  2 jellies
  21 orc priests
  37 orc wizards
  6 iguanas
  8 worker ants
  16 sheep
  A hound zombie (D:11)
  A hound skeleton (D:6)
  51 river rats
  30 adders
  4 shadow imps
  An adder zombie (D:1)
  An adder skeleton (D:8)
  2 worms (D:2)
  A dart slug (D:2)
  4 giant geckos
  88 orcs
  9 bats
  3 giant cockroaches
  9 goblins
  10 hobgoblins
  7 jackals
  3 quokkas
  A giant gecko skeleton (D:4)
  5 giant newts
  23 kobolds
  A quokka zombie (D:1)
  9 rats
  2 plants (Lair:6)
1932 creatures vanquished.

Vanquished Creatures (others)
  A fire giant (Depths:3)
  2 centaur warriors
  An orb spider (Spider:2)
  A wolf spider (Spider:3)
  A spiny frog (Swamp:1)
  7 yaktaurs
  A komodo dragon (Lair:6)
  3 jumping spiders
  2 tarantellas
  A redback (Spider:3)
  A human (D:13)
  A hell hound (Spider:2)
  A swamp drake (Swamp:4)
  An ogre (Vaults:2)
  2 boggarts (Vaults:1)
  3 centaurs
  An orc (Orc:1)
  A fulminant prism (D:11)
  17 fungi
  2 lurking horrors (Abyss:2)
  40 plants
  2 starspawn tentacles (Abyss:3)
  3 withered plants (D:15)
95 creatures vanquished.

Grand Total: 2027 creatures vanquished

Notes
Turn   | Place    | Note
-------+----------+-------------------------------------------
     0 | D:1      | HAL9000 the Minotaur Fighter began the quest for the Orb.
     0 | D:1      | Reached XP level 1. HP: 19/19 MP: 0/0
   236 | D:1      | Reached XP level 2. HP: 18/27 MP: 1/1
   443 | D:1      | Reached skill level 3 in Long Blades
   564 | D:1      | Found an iron altar of Okawaru.
   573 | D:1      | Became a worshipper of Warmaster Okawaru
   750 | D:1      | Reached XP level 3. HP: 33/33 MP: 2/2
  1229 | D:2      | Reached XP level 4. HP: 24/41 MP: 3/3
  1340 | D:2      | Found a glowing silver altar of Zin.
  1620 | D:2      | Reached skill level 4 in Long Blades
  1786 | D:3      | Reached XP level 5. HP: 29/47 MP: 4/4
  2367 | D:3      | Found an oddly glowing altar of Pakellas.
  2542 | D:4      | Noticed HAL9000's ghost (amateur MiFi)
  2564 | D:4      | Killed HAL9000's ghost
  2564 | D:4      | Reached * piety under Okawaru
  2564 | D:4      | Reached skill level 5 in Fighting
  2564 | D:4      | Reached skill level 5 in Long Blades
  2564 | D:4      | Reached skill level 5 in Armour
  2564 | D:4      | Reached skill level 5 in Shields
  2564 | D:4      | Reached XP level 6. HP: 35/56 MP: 5/5
  2800 | D:4      | Reached ** piety under Okawaru
  2800 | D:4      | Reached skill level 6 in Long Blades
  2800 | D:4      | Reached XP level 7. HP: 37/61 MP: 6/6
  3532 | D:5      | Entered Level 5 of the Dungeon
  3557 | D:5      | Found Nuacos's Armour Boutique.
  3565 | D:5      | Bought a +0 pair of gloves for 63 gold pieces
  3672 | D:5      | Got a twisted chain mail
  3683 | D:5      | Identified the +0 chain mail of Autotheism {rElec Stlth+} (You found it on level 5 of the Dungeon)
  3726 | D:5      | Reached skill level 7 in Long Blades
  4050 | D:6      | Reached XP level 8. HP: 71/71 MP: 7/7
  4054 | D:6      | Noticed Sigmund
  4070 | D:6      | Killed Sigmund
  4125 | D:6      | Found a staircase to the Ecumenical Temple.
  4280 | D:6      | Reached skill level 8 in Long Blades
  4298 | D:6      | Reached *** piety under Okawaru
  4356 | D:6      | Found Hibruux's Distillery.
  4912 | D:6      | Found a hazy altar of Hepliaklqana.
  5147 | D:7      | Reached skill level 9 in Long Blades
  5149 | D:7      | Noticed tstbtto's ghost (novice MiFi)
  5163 | D:7      | Killed tstbtto's ghost
  5163 | D:7      | Reached XP level 9. HP: 68/79 MP: 8/8
  5690 | D:7      | Reached **** piety under Okawaru
  5741 | D:7      | Found Hamirgh's Weapon Emporium.
  5741 | D:7      | Found Vaiwkowa's Jewellery Shoppe.
  5757 | D:7      | Bought a +0 scimitar for 40 gold pieces
  6031 | D:7      | Found an opulent altar of Gozag.
  6192 | D:8      | Reached skill level 10 in Long Blades
  6393 | D:8      | Noticed a centaur warrior
  6401 | D:8      | Killed a centaur warrior
  6401 | D:8      | Reached skill level 11 in Long Blades
  6480 | D:8      | Found a white marble altar of Elyvilon.
  6517 | D:8      | Reached XP level 10. HP: 90/90 MP: 9/9
  6839 | D:8      | Noticed Prince Ribbit
  6846 | D:8      | Killed Prince Ribbit
  6915 | D:8      | Found a basalt altar of Yredelemnul.
  7076 | D:9      | Reached ***** piety under Okawaru
  7533 | D:9      | Found an iron altar of Okawaru.
  7534 | D:9      | Found a bloodstained altar of Trog.
  7787 | D:10     | Entered Level 10 of the Dungeon
  7820 | D:10     | Found a staircase to the Lair.
  8036 | D:10     | Noticed Harold
  8039 | D:10     | Noticed Dominolapin's ghost (journeyman DsFi)
  8064 | D:10     | Killed Dominolapin's ghost
  8064 | D:10     | Received a gift from Okawaru
  8064 | D:10     | Reached skill level 12 in Long Blades
  8077 | D:10     | Killed Harold
  8077 | D:10     | Received a gift from Okawaru
  8463 | D:10     | Noticed Erica
  8484 | D:10     | Found a shattered altar of Ashenzari.
  8550 | D:10     | Noticed a hill giant
  8558 | D:10     | Killed Erica
  8558 | D:10     | Reached XP level 11. HP: 53/99 MP: 10/10
  8562 | D:10     | Noticed Joseph
  8562 | D:10     | Killed a hill giant
  8939 | D:10     | Reached skill level 10 in Fighting
  8939 | D:10     | Reached skill level 13 in Long Blades
  8939 | D:10     | Reached skill level 10 in Shields
  8944 | D:10     | Killed Joseph
  9033 | D:10     | Got a bloodstained chain mail
  9044 | D:10     | Identified the cursed +1 chain mail of the Mind {-Cast rElec rN+++ Int-5} (You found it on level 10 of the Dungeon)
  9044 | D:10     | Lost intelligence.
  9345 | Lair:1   | Entered Level 1 of the Lair of Beasts
  9488 | Lair:1   | Received a gift from Okawaru
  9488 | Lair:1   | Reached skill level 10 in Armour
  9963 | Lair:2   | Noticed Gastronok
  9981 | Lair:2   | Killed Gastronok
  9981 | Lair:2   | Reached skill level 14 in Long Blades
 10298 | Lair:2   | Reached ****** piety under Okawaru
 10582 | Lair:2   | Found a hole to the Spider Nest.
 10857 | Lair:2   | Reached XP level 12. HP: 109/110 MP: 11/11
 11401 | Lair:2   | Reached skill level 15 in Long Blades
 11702 | Lair:3   | Found a labyrinth entrance.
 11713 | Lab      | Entered a labyrinth
 11951 | Lab      | Noticed Jalan's ghost (novice SpWr)
 11974 | Lab      | Killed Jalan's ghost
 11974 | Lab      | Received a gift from Okawaru
 12293 | Lab      | Reached skill level 16 in Long Blades
 12382 | Lab      | Received a gift from Okawaru
 12530 | Lab      | Noticed a minotaur
 12539 | Lab      | Killed a minotaur
 12542 | Lab      | Got a crude ivory ring
 12542 | Lab      | Got a fine bone ring
 12565 | Lair:3   | Identified the ring of the Thirteen Deaths {*Corrode +Inv +Fly rF+ Dex+3} (You found it in a labyrinth)
 12567 | Lair:3   | Identified the ring of Nucariott {SustAt rElec rF+ rC+ Int+2 Stlth-} (You found it in a labyrinth)
 13065 | Lair:3   | Found a staircase to the Swamp.
 14232 | Lair:4   | Got a warped plate armour
 14250 | Lair:4   | Identified the cursed +0 plate armour "Coer" {rF+ MR- SInv Stlth+} (You found it on level 4 of the Lair of Beasts)
 14325 | Lair:5   | Reached XP level 13. HP: 116/116 MP: 12/12
 14782 | Lair:5   | Noticed Urug
 14796 | Lair:5   | Killed Urug
 15028 | Lair:5   | Reached skill level 15 in Shields
 15209 | Lair:6   | Entered Level 6 of the Lair of Beasts
 15241 | Lair:6   | Received a gift from Okawaru
 15255 | Lair:6   | Reached skill level 5 in Dodging
 15598 | Lair:6   | Reached skill level 10 in Dodging
 15645 | Lair:6   | Found a staircase to the Slime Pits.
 15865 | Lair:6   | Reached skill level 1 in Invocations
 16355 | Lair:6   | Reached XP level 14. HP: 106/124 MP: 16/16
 16867 | Lair:6   | Reached skill level 5 in Invocations
 16932 | Lair:6   | Received a gift from Okawaru
 17099 | Lair:6   | Found a runed door.
 17790 | D:11     | Noticed MordorOrchid's ghost (journeyman OpCj)
 17809 | D:11     | Killed MordorOrchid's ghost
 17854 | D:11     | Found Qawy Von's Armour Emporium.
 17854 | D:11     | Found a staircase to the Orcish Mines.
 17859 | D:11     | Noticed tstbtto's ghost (journeyman MiFi)
 17870 | D:11     | Killed tstbtto's ghost
 17884 | D:11     | Found Bemy's Weapon Emporium.
 17894 | D:11     | Bought a +0 pair of boots for 67 gold pieces
 17943 | D:11     | Noticed tstbtto's ghost (journeyman MiFi)
 17968 | D:11     | Killed tstbtto's ghost
 17986 | D:11     | Found Jumaphuf's Distillery.
 18411 | D:12     | Reached skill level 1 in Evocations
 18499 | D:12     | Received a gift from Okawaru
 18872 | D:12     | Received a gift from Okawaru
 18875 | D:12     | Got a fine plate armour {god gift}
 18886 | D:12     | Identified the +3 plate armour "Ogrun" {god gift, rPois rN+} (Okawaru gifted it to you on level 12 of the Dungeon)
 19298 | D:13     | Noticed Kirke
 19306 | D:13     | Noticed a sphinx
 19316 | D:13     | Killed Kirke
 20257 | D:14     | Reached XP level 15. HP: 101/132 MP: 20/20
 20896 | D:14     | Received a gift from Okawaru
 21037 | D:14     | Found a gate to the Vaults.
 21321 | D:15     | Entered Level 15 of the Dungeon
 21751 | D:15     | Noticed George's ghost (journeyman MiFi)
 21768 | D:15     | Killed George's ghost
 21785 | D:15     | Found a staircase to the Depths.
 22183 | D:15     | Noticed Josephine
 22189 | D:15     | Killed Josephine
 22201 | D:15     | Received a gift from Okawaru
 22212 | D:15     | Got a steaming cloak {god gift}
 22223 | D:15     | Identified the +0 cloak of the Big Bang {god gift, rPois rCorr Dex+6 Stlth+} (Okawaru gifted it to you on level 15 of the Dungeon)
 22549 | Orc:1    | Entered Level 1 of the Orcish Mines
 22877 | Orc:1    | Paralysed by an orc sorcerer for 2 turns
 23038 | Orc:2    | Entered Level 2 of the Orcish Mines
 23095 | Orc:2    | Found a staircase to the Elven Halls.
 23222 | Orc:2    | Found a roughly hewn altar of Beogh.
 23298 | Orc:2    | Reached skill level 5 in Evocations
 23504 | Orc:2    | Noticed an orc warlord
 23804 | Orc:2    | Killed an orc warlord
 23804 | Orc:2    | Reached skill level 15 in Dodging
 23859 | Orc:2    | Received a gift from Okawaru
 24200 | Orc:2    | Found Riddopruarph's General Store.
 24201 | Orc:2    | Found Ydwi's Book Shoppe.
 24204 | Orc:2    | Found Rangan's Antique Armour Shoppe.
 24204 | Orc:2    | Found Qem Yvuz's Antique Weapon Emporium.
 24593 | Swamp:1  | Entered Level 1 of the Swamp
 24705 | Swamp:1  | Reached XP level 16. HP: 123/144 MP: 22/22
 26100 | Swamp:2  | Learned a level 5 spell: Silence
 26280 | Swamp:3  | Reached skill level 10 in Invocations
 26626 | Swamp:3  | Reached skill level 1 in Throwing
 26644 | Swamp:3  | Received a gift from Okawaru
 26649 | Swamp:3  | Got a fine quick blade {god gift}
 26650 | Swamp:3  | Identified the +3 quick blade of Ytahutuf {god gift, pierce, rPois MR++ Int+4} (Okawaru gifted it to you on level 3 of the Swamp)
 26915 | Swamp:4  | Entered Level 4 of the Swamp
 27444 | Swamp:4  | Received a gift from Okawaru
 27463 | Swamp:4  | Noticed the 27-headed Lernaean hydra
 27875 | Swamp:4  | Reached skill level 17 in Long Blades
 27886 | Swamp:4  | Received a gift from Okawaru
 27892 | Swamp:4  | Got a decaying rune of Zot
 28083 | Swamp:4  | Killed the 22-headed Lernaean hydra
 28403 | Spider:1 | Entered Level 1 of the Spider Nest
 28836 | Spider:1 | Reached XP level 17. HP: 152/152 MP: 23/23
 28868 | Spider:1 | Received a gift from Okawaru
 28961 | Spider:1 | Received a gift from Okawaru
 28974 | Spider:1 | Got a brightly glowing scimitar {god gift}
 28975 | Spider:1 | Identified the +1 scimitar of Descent {god gift, flame, rF+ Dex+2} (Okawaru gifted it to you on level 1 of the Spider Nest)
 29658 | Spider:1 | Learned a level 6 spell: Haste
 29674 | Spider:1 | Gained mutation: You are partially covered in molten scales. (AC +1) [potion of beneficial mutation]
 29675 | Spider:1 | Gained mutation: You are partially covered in yellow scales. (AC +2) [potion of beneficial mutation]
 29925 | Spider:2 | Noticed Azrael
 29992 | Spider:2 | Killed Azrael
 30369 | Spider:2 | Received a gift from Okawaru
 30439 | Spider:2 | Noticed Wiglaf
 30453 | Spider:2 | Killed Wiglaf
 31459 | Spider:2 | Received a gift from Okawaru
 31459 | Spider:2 | Reached skill level 5 in Throwing
 31705 | Spider:3 | Noticed Arachne
 31726 | Spider:3 | Killed Arachne
 32119 | Spider:4 | Entered Level 4 of the Spider Nest
 32355 | Spider:4 | Noticed tstbtto's ghost (adept MiFi)
 32437 | Spider:4 | Killed tstbtto's ghost
 32767 | Spider:4 | Received a gift from Okawaru
 32829 | Spider:4 | Reached XP level 18. HP: 162/162 MP: 24/24
 33286 | Spider:4 | Reached skill level 15 in Fighting
 33371 | Spider:4 | Received a gift from Okawaru
 33731 | Spider:4 | Got a gossamer rune of Zot
 34100 | Depths:1 | Entered Level 1 of the Depths
 34207 | Depths:1 | Reached skill level 15 in Armour
 34232 | Depths:1 | Paralysed by an ogre mage for 6 turns
 34341 | Depths:1 | Noticed a lich
 34356 | Depths:1 | Killed a lich
 34399 | Depths:1 | Identified The Foundations of Witchery
 34450 | Depths:1 | Got a faintly glowing chain mail
 34451 | Depths:1 | Identified the +5 chain mail "Awishraq" {Dex+2} (You found it on level 1 of the Depths)
 34782 | Depths:1 | Found a one-way gate leading to the halls of Pandemonium.
 34884 | Depths:1 | Reached skill level 18 in Long Blades
 34953 | Depths:1 | Found a gateway to Hell.
 35169 | Depths:2 | Received a gift from Okawaru
 35517 | Depths:2 | Paralysed by a great orb of eyes for 3 turns
 35529 | Depths:2 | Noticed a lich
 35538 | Depths:2 | Killed a lich
 35930 | Depths:2 | Reached XP level 19. HP: 154/172 MP: 25/25
 36029 | Depths:2 | Got a jewelled ring mail
 36166 | Depths:2 | Received a gift from Okawaru
 36192 | Depths:2 | Got a jewelled cloak {god gift}
 36210 | Depths:2 | Identified the -2 cloak "Elaenlaaj" {god gift, rN+ rCorr Slay+2} (Okawaru gifted it to you on level 2 of the Depths)
 36822 | Depths:3 | Paralysed by a giant eyeball for 2 turns
 36942 | Depths:3 | Noticed a caustic shrike
 36956 | Depths:3 | Killed a caustic shrike
 37285 | Depths:3 | Noticed a golden dragon
 37309 | Depths:3 | Killed a golden dragon
 37309 | Depths:3 | Received a gift from Okawaru
 37391 | Depths:3 | Reached skill level 10 in Evocations
 37405 | Depths:3 | Noticed Saint Roka
 37406 | Depths:3 | Found a gateway to a ziggurat.
 37431 | Depths:3 | Killed Saint Roka
 37492 | Depths:3 | Got a shimmering marble ring
 37654 | Depths:3 | Received a gift from Okawaru
 37662 | Depths:3 | Identified the ring of the Saviour {Wiz rPois Str+6 Dex-4 SInv} (You took it off an orc warrior on level 3 of the Depths)
 37735 | Depths:3 | Noticed Margery
 37753 | Depths:3 | Received a gift from Okawaru
 37761 | Depths:3 | Killed Margery
 37943 | Depths:3 | Received a gift from Okawaru
 38005 | Depths:3 | Got a scorched marble ring
 38006 | Depths:3 | Identified the ring of the Ban {Str+7 SInv Stlth+} (You found it on level 3 of the Depths)
 38045 | Depths:3 | Reached XP level 20. HP: 77/182 MP: 26/26
 38046 | Depths:3 | Noticed a golden dragon
 38055 | Depths:3 | Killed a golden dragon
 38055 | Depths:3 | Received a gift from Okawaru
 38325 | Depths:3 | Found Heuckeic's Magic Scroll Emporium.
 38354 | Depths:3 | Got a steaming wooden ring
 38436 | Depths:3 | Identified the ring of Gotik {rPois rN+} (You took it off a yaktaur captain on level 3 of the Depths)
 38451 | Depths:3 | Received a gift from Okawaru
 38541 | Depths:3 | Paralysed by a vampire knight for 5 turns
 38831 | Depths:4 | Received a gift from Okawaru
 38839 | Depths:4 | Got an encrusted crystal plate armour {god gift}
 38850 | Depths:4 | Identified the +6 crystal plate armour "Ziept" {god gift, Stlth+} (Okawaru gifted it to you on level 4 of the Depths)
 38999 | Depths:4 | Reached skill level 19 in Long Blades
 39195 | Depths:4 | Found a one-way gate to the infinite horrors of the Abyss.
 39555 | Depths:4 | Cast into level 2 of the Abyss (hell knight)
 39555 | Abyss:2  | Found a corrupted altar of Lugonu.
 39588 | Abyss:2  | Found a radiant altar of Vehumet.
 39835 | Abyss:2  | Paralysed by accursed screaming for 1 turns
 39840 | Abyss:2  | Paralysed by accursed screaming for 2 turns
 39853 | Abyss:3  | HP: 8/183 [wretched star/orb of energy (10)]
 39893 | Abyss:3  | Gained mutation: Armour fits poorly on your strangely shaped body. [a neqoxec]
 39897 | Abyss:3  | Gained mutation: Your body sometimes deteriorates upon taking damage. [a neqoxec]
 39904 | Abyss:3  | Gained mutation: You are frail. (-10% HP) [a neqoxec]
 39920 | Abyss:3  | Noticed a bone dragon
 40021 | Abyss:3  | Reached skill level 10 in Throwing
 40036 | Depths:4 | Escaped the Abyss
 40495 | Depths:4 | Received a gift from Okawaru
 40848 | Depths:5 | Entered Level 5 of the Depths
 40897 | Depths:5 | Received a gift from Okawaru
 40921 | Depths:5 | Got a fine great sword {god gift}
 40922 | Depths:5 | Identified the +1 great sword of Faefay {god gift, flame, MR+ Str+3 Int+3 SInv} (Okawaru gifted it to you on level 5 of the Depths)
 40948 | Depths:5 | Found a glowing golden altar of the Shining One.
 41110 | Depths:5 | Reached XP level 21. HP: 121/171 MP: 25/28
 41388 | Depths:5 | Noticed a golden dragon
 41388 | Depths:5 | a shadow dragon changed into a golden dragon
 41390 | Depths:5 | a golden dragon changed into an acid blob
 41485 | Depths:5 | Received a gift from Okawaru
 41784 | Depths:5 | Found Coezoriv's Magic Scroll Boutique.
 41792 | Depths:5 | Bought a scroll of enchant armour for 127 gold pieces
 42058 | Depths:5 | Received a gift from Okawaru
 42075 | Depths:5 | Identified a +0 pair of boots of running {god gift} (Okawaru gifted it to you on level 5 of the Depths)
 42347 | Depths:5 | Found a gate to the Realm of Zot.
 43016 | Lair:1   | Lost mutation: Your body sometimes deteriorates upon taking damage. [potion of cure mutation]
 43016 | Lair:1   | Lost mutation: Armour fits poorly on your strangely shaped body. [potion of cure mutation]
 43016 | Lair:1   | Lost mutation: You are frail. (-10% HP) [potion of cure mutation]
 43124 | Vaults:1 | Entered Level 1 of the Vaults
 43437 | Vaults:1 | Noticed Jorgrun
 43448 | Vaults:1 | Killed Jorgrun
 44077 | Vaults:2 | Received a gift from Okawaru
 44228 | Vaults:2 | Reached XP level 22. HP: 150/202 MP: 23/29
 44242 | Vaults:2 | Found a staircase to the Crypt.
 44497 | Vaults:2 | Reached skill level 20 in Long Blades
 44707 | Vaults:2 | Received a gift from Okawaru
 45049 | Vaults:2 | Noticed tstbtto's ghost (adept MiFi)
 45075 | Vaults:2 | Killed tstbtto's ghost
 45474 | Vaults:2 | Got a bone trident {god gift}
 45475 | Vaults:2 | Identified the +7 trident "Saexydue" {god gift, pierce, *Corrode rC+ Str+4 Dex+9} (Okawaru gifted it to you on level 2 of the Vaults)
 45980 | Vaults:3 | Received a gift from Okawaru
 46512 | Vaults:4 | Identified 3 scrolls of acquirement
 47275 | Vaults:4 | Reached XP level 23. HP: 206/211 MP: 31/31
 47351 | Vaults:4 | Received a gift from Okawaru
 47565 | Vaults:5 | Entered Level 5 of the Vaults
 47565 | Vaults:5 | Noticed matakusis's ghost (adept DsGl)
 47895 | Vaults:5 | Noticed an ancient lich
 47915 | Vaults:5 | HP: 7/211 [white very ugly thing (13)]
 47926 | Vaults:5 | Found Zopsynuu's Food Boutique.
 47926 | Vaults:5 | Noticed an ancient lich
 47949 | Vaults:5 | HP: 10/211 [burnt (2)]
 47964 | Vaults:5 | Slain by a phantasmal warrior

Vault maps used:
D:1:      saegor_arrival_fortress, okawaru_ov_weapons_minmay
D:2:      lemuel_crystal_altar, first_bread
D:3:      johnstein_pakellas_dig
D:4:      minmay_door_path, roderic_ancient_swastika
D:5:      serial_shops, shop, corexii_shack
D:6:      lemuel_coloured_pillars_altar, serial_shops, shop, bh_chokoban,
          uniq_sigmund
D:7:      minmay_shoptagon, lemuel_round_altar
D:8:      kennysheep_ying_yang, uniq_prince_ribbit1
D:9:      grunt_temple_overflow_bloody_war
D:10:     erik_lair_orcish_takeover, basic_altar, uniq_harold, uniq_erica,
          uniq_joseph
D:11:     orc_david_3, serial_shops, nicolae_shop_crystal, the_bakery
D:12:     einodemon_barbed_minivault
D:13:     uniq_kirke
D:14:     david_vaults_4, minmay_fountain_box
D:15:     gammafunk_depths_entry_grave, roderic_roman_lattice, uniq_josephine
Lair:2:   lemuel_reptile_caves, spider_nest_entry_funnel_web,
          grunt_megastairs_3, uniq_gastronok
Lair:3:   minmay_swamp_entry_worms, lab_entry_generic
Lair:4:   serial_bayou_shore_a, lemuel_fruit_tree
Lair:5:   grunt_forest_stairs_basic, minmay_guarded_unrand_chilly_death,
          uniq_urug
Lair:6:   guppyfry_lair_end_dragon, wormcave, minmay_slime_entry_oklob_open,
          st_stairs_6, grunt_forest_large_clearings
Swamp:1:  evilmike_swamp_ruin_rubble_2, swamp_pool3, nicolae_swamp_dense_foliage
Swamp:2:  evilmike_swamp_ruin_wall, swamp_pool1,
          nicolae_swamp_oklob_treasure_island
Swamp:3:  nicolae_swamp_trees_clearing
Swamp:4:  swamp_old_school, swamp_pool1
Spider:2: uniq_wiglaf, uniq_azrael
Spider:3: uniq_arachne
Spider:4: guppyfry_spider_rune
Orc:1:    serial_shops
Orc:2:    st_orc_congregation, basic_altar
Vaults:1: v_misc_25, st_star, v_misc_3, nicolae_vaults_specimen_jars,
          vaults_room_fours, vaults_dpeg_hooks, nicolae_vaults_shelves_hall,
          v_misc_2, nicolae_vaults_circle_grid_a, uniq_jorgrun
Vaults:2: minmay_crypt_entry_vampire_xt, v_misc_22,
          nicolae_vaults_stairing_the_circle, ontoclasm_vaults_hangar,
          vaults_standard_mumra_enter_the_diamond, vaults_dpeg_doors, v_rooms_1,
          v_alt_pattern_2, nicolae_vaults_little_ls, hangedman_vaults_hat,
          vaults_room_stairs_pillars, vaults_room_stairs_pillars,
          vaults_mumra_lcd
Vaults:3: ontoclasm_vaults_loading_screen, serial_ice_g,
          vaults_dpeg_encased_lava, vaults_room_pools, vaults_dpeg_spiral,
          ontoclasm_vaults_spin, hangedman_vaults_capsules,
          ontoclasm_vaults_decontamination
Vaults:4: dpeg_vaults_waves, nicolae_vaults_puzzle_piece,
          hangedman_vaults_locks, dpeg_vaults_monster_row, vaults_mumra_hexcomb,
          v_misc_5, grunt_vaults_focal, ontoclasm_vaults_gateway,
          hangedman_vaults_trim, vaults_mumra_chevron, nicolae_vaults_asterisk
Depths:1: grunt_hell_horde, pan_entry, minmay_misc_feat_four_crosses,
          abandoned_shop, minmay_librarian, serial_bayou_shore_b
Depths:2: minmay_ornate_pinched, hell_entry, hangedman_decor_riveting,
          roderic_serpentine_path
Depths:3: hangedman_spin_cycle, pan_entry, serial_shops, hell_entry
Depths:4: kennysheep_six_static_rooms, hell_entry, abyss_entry,
          minmay_misc_feat_encased
Depths:5: grunt_zot_entry_alcove, serial_shops, nicolae_shop_crystal,
          tso_metal_star, hangedman_abyss_entry_splay, grunt_hell_entry_dis_old,
          grunt_ministairs_11, serial_sigils_hangedman_quiver,
          minmay_hollow_rounded_squares
Abyss:3:  nicolae_abyss_rune_star_stuff
Lab:      nicolae_lab_swirl, nicolae_lab_plus, labyrinth_skeletal_remains,
          labyrinth_glass_2, labyrinth_glass_1, nicolae_lab_quarters,
          nicolae_lab_starburst, nicolae_lab_do_over

Skill      XL: |  1  2  3  4  5  6  7  8  9 10 11 12 13 14 15 16 17 18 19 20 21 22 23 |
---------------+----------------------------------------------------------------------+-----
Fighting       | 4 5 6 7 8 9 11 12 13 14 15 16 17 18 | 18.9
Long Blades    | 3 4 5 6 7 9 11 12 14 16 17 18 19 20 | 20.7
Shields        | 4 5 6 7 8 9 11 13 15 16 17 18 19 | 19.9
Armour         | 4 5 6 7 8 9 10 11 13 14 15 16 17 18 | 18.9
Dodging        | 12 14 15 16 17 18 19 | 19.4
Invocations    | 4 8 9 10 | 10.0
Evocations     | 3 5 7 8 9 10 11 12 13 | 13.0
Throwing       | 3 5 7 9 10 11 12 | 12.7

Action                   |  1- 3 |  4- 6 |  7- 9 | 10-12 | 13-15 | 16-18 | 19-21 | 22-24 || total
-------------------------+-------+-------+-------+-------+-------+-------+-------+-------++-------
Melee: Long sword        |   129 |    90 |   200 |       |       |       |       |       ||   419
       Headbutt          |    14 |    14 |    51 |   165 |   410 |   657 |   648 |   307 ||  2266
       Scimitar          |       |       |    56 |   157 |    14 |   157 |       |       ||   384
       Double sword      |       |       |       |   622 |  1486 |  1838 |  1646 |   947 ||  6539
Throw: Javelin           |       |       |       |    11 |     7 |    21 |    12 |       ||    51
       Tomahawk          |       |       |       |     3 |       |       |       |       ||     3
       Throwing net      |       |       |       |       |       |     5 |       |       ||     5
Invok: Heroism           |       |       |     1 |     6 |    13 |    14 |    10 |     3 ||    47
       Finesse           |       |       |       |       |     2 |     3 |     3 |     1 ||     9
 Abil: Evoke Flight      |       |       |       |       |       |     3 |       |       ||     3
Evoke: Wand              |       |     4 |     5 |     1 |     1 |     2 |       |     1 ||    14
       Disc of storms    |       |       |       |       |       |       |       |     5 ||     5
  Use: Scroll            |     5 |       |     1 |    23 |     4 |    10 |    12 |    14 ||    69
       Potion            |       |     1 |     1 |     1 |     1 |     3 |    11 |     4 ||    22
 Stab: Confused          |       |       |       |       |       |     2 |       |       ||     2
       Held in net/web   |       |       |       |       |       |     1 |       |       ||     1
  Eat: Chunk             |     1 |     5 |    11 |    20 |    32 |    23 |    23 |    13 ||   128
       Pizza             |       |       |     1 |     1 |       |     1 |       |       ||     3
       Fruit             |       |       |       |     3 |     5 |    15 |     5 |       ||    28
       Beef jerky        |       |       |       |     2 |       |       |       |       ||     2
       Royal jelly       |       |       |       |       |       |       |     1 |       ||     1
Armor: Scale mail        |    61 |    18 |     7 |       |       |       |       |       ||    86
       Chain mail        |       |       |   102 |   188 |       |       |       |       ||   290
       Plate armour      |       |       |       |     4 |   295 |   497 |    96 |       ||   892
       Crystal plate arm |       |       |       |       |       |       |   401 |   264 ||   665
Dodge: Dodged            |    45 |    21 |    49 |   126 |   500 |  1093 |   790 |   316 ||  2940
Block: Shield            |    79 |    38 |   111 |   365 |   898 |  1403 |  1211 |   660 ||  4765
       Reflection        |       |       |       |       |    22 |     4 |    45 |    55 ||   126
